 Dungeon Crawl Stone Soup version 0.28-a0-938-gbc3f381ebc (webtiles) character file.

Game seed: 3731650255418979055

84 porpoise the Conjurer (level 4, -3/24 HPs)
             Began as a Deep Elf Conjurer on Nov 29, 2021.
             Slain by Crazy Yiuf (17 damage)
             ... on level 2 of the Dungeon.
             The game lasted 00:05:14 (1782 turns).

porpoise the Conjurer (Deep Elf Conjurer)           Turns: 1782, Time: 00:05:15

Health: -3/24      AC:  2    Str:  4    XL:     4   Next: 24%
Magic:  8/12       EV: 12    Int: 24    God:
Gold:   148        SH:  0    Dex: 13    Spells: 9/12 levels left

rFire   . . .      SeeInvis .   a - +1 mace (holy)
rCold   . . .      Faith    .   (no shield)
rNeg    . . .      Spirit   .   g - +0 robe
rPois   .          Reflect  .   (no helmet)
rElec   .          Harm     .   (no cloak)
rCorr   .          Rampage  .   (no gloves)
Will    .....                   (no boots)
Stlth   ++........              (no amulet)
HPRegen 0.08/turn               (no ring)
MPRegen 0.13/turn               (no ring)

@: mighty
A: no striking features
a: no special abilities


You were on level 2 of the Dungeon.
You visited 1 branch of the dungeon, and saw 2 of its levels.

You collected 148 gold pieces.

Inventory:

Hand Weapons
 a - a +1 mace of holy wrath (weapon)
Missiles
 d - 93 stones
 h - 3 boomerangs (quivered)
Armour
 g - a +0 robe (worn)
Scrolls
 f - a scroll of immolation
 i - a scroll of fog {unknown}
 k - a scroll of blinking {unknown}
 l - a scroll of teleportation {unknown}
 n - a scroll of identify {unknown}
 o - a scroll of enchant weapon {unknown}
Potions
 b - 2 potions of cancellation {unknown}
 c - a potion of curing {unknown}
 e - a potion of degeneration {unknown}
 j - 2 potions of heal wounds {unknown}
 m - 3 potions of resistance {unknown}
 p - a potion of invisibility {unknown}


   Skills:
 - Level 2.4 Dodging
 - Level 2.4 Stealth
 + Level 4.8 Spellcasting
 + Level 5.4 Conjurations


You had 9 spell levels left.
You knew the following spells:

 Your Spells              Type           Power      Damage    Failure   Level
a - Magic Dart            Conj           100%       1d8       1%          1
b - Searing Ray           Conj           64%        2d6       1%          2

Your spell library contained the following spells:

 Spells                   Type           Power      Damage    Failure   Level
 Beastly Appendage        Tmut           10%        N/A       9%          1
 Dazzling Flash           Conj/Hex       36%        N/A       9%          3
 Wereblood                Tmut           5%         N/A       14%         2
 Spider Form              Tmut/Pois      5%         N/A       26%         3
 Fulminant Prism          Conj/Hex       9%         3d7       28%         4
 Iskenderun's Mystic Bla  Conj/Tloc      18%        2d6       28%         4


Dungeon Overview and Level Annotations

Branches:
Dungeon (2/15)

Altars:

Shops:
D:1 [

Annotations:
D:2 Crazy Yiuf


Message History

You see here a +0 short sword.
There is an open door here.
There is a stone staircase leading up here.
You open the door.
There is an open door here.
There is an open door here.
There is an open door here.
You see here a +0 mace.
Found seven maces.
Found a runed translucent door.
You see here a +0 mace.
Found a mace.
Crazy Yiuf shouts!
Crazy Yiuf grits, "Mountain!"
You see here a +0 mace.
You see here a +0 mace.
Found two maces and a runed mace.
You see here a +0 mace.
Casting: Searing Ray (safe; 1% risk of failure)
Confirm with . or Enter, or press ? or * to list all spells.
Okay, then.
Unknown command.
You open the door.
Casting: Searing Ray (safe; 1% risk of failure)
Confirm with . or Enter, or press ? or * to list all spells.
Aiming: Searing Ray (safe; 1% risk of failure)
Press: ? - help, Shift-Dir - straight line, f - Crazy Yiuf
Aim: Crazy Yiuf, wielding a +4 quarterstaff of chaos and wearing a +0 cloak (83% to hit)
The searing ray hits Crazy Yiuf.
Crazy Yiuf is moderately wounded. (Press . to maintain the ray.) Crazy Yiuf hits you with a +4 quarterstaff of chaos.
The searing ray hits Crazy Yiuf.
Crazy Yiuf is moderately wounded.
Crazy Yiuf hits you with a +4 quarterstaff of chaos!
You feel very mighty all of a sudden.
The searing ray hits Crazy Yiuf!
Crazy Yiuf is almost dead.
Crazy Yiuf hits you with a +4 quarterstaff of chaos!
Ouch! That really hurt!
You die...

#
####....###..≈..≈.#.#
####### #....#
###≈≈.≈...# ......#
#....# ##≈≈.####
#####'## ##..)#
##≈....# .......#
##)## #..##.#
...†...# ##)#
#####.## ......[#
#)## #.... .......#
##)# #..#.
#####'##### #@##
####. #####'....# #g#
#.... #.........##
))) #.###
#..........# #)))#
#####.###
#..........# #).)#
#........
#.......≈..# #####
#.###.###
#.......≈..#
#.#.....#
#....≈..≈###
#.#...... #.......≈#
#.#...#..


You could see Crazy Yiuf.

Vanquished Creatures
  Terence (D:2)
  A gnoll (D:1)
  An adder (D:2)
  A dart slug (D:2)
  A ball python (D:1)
  6 bats
  2 endoplasms (D:1)
  3 giant cockroaches
  4 goblins
  7 hobgoblins
  6 kobolds
  2 frilled lizards
  A rat (D:2)
36 creatures vanquished.

Notes
Turn   | Place    | Note
-------+----------+-------------------------------------------
     0 | D:1      | porpoise the Deep Elf Conjurer began the quest for the Orb.
     0 | D:1      | Reached XP level 1. HP: 10/10 MP: 6/6
   186 | D:1      | Reached XP level 2. HP: 15/15 MP: 1/8
   341 | D:1      | Learned a level 2 spell: Searing Ray
   464 | D:1      | Found a faded altar of an unknown god.
   677 | D:1      | Reached skill level 5 in Conjurations
   677 | D:1      | Reached XP level 3. HP: 19/19 MP: 7/10
   731 | D:1      | Found Kedoriom's Antique Armour Shoppe.
  1173 | D:2      | Noticed Terence
  1180 | D:2      | Killed Terence
  1466 | D:2      | Reached XP level 4. HP: 24/24 MP: 10/12
  1775 | D:2      | Found a runed translucent door.
  1776 | D:2      | Noticed Crazy Yiuf
  1782 | D:2      | Slain by Crazy Yiuf

Illustrated notes

Levels and vault maps discovered:
D:1:      sevenhm_arrival_forest_fort_small_5, layout_basic,
          hellmonk_ecumenical_altar_blasted, serial_shops,
          nicolae_lakefront_shop, minmay_split_cup_small
D:2:      layout_basic, serial_rivers, chequers_serial_rivers_room_a,
          chequers_serial_rivers_small_b, chequers_serial_rivers_micro_e,
          chequers_serial_rivers_micro_d, corexii_leaking_fountain, st_stairs_7,
          minmay_tiny_reverse_x, uniq_terence, uniq_natasha,
          uniq_crazy_yiuf_cottage

Skill      XL: |  1  2 |
---------------+-------+-----
Spellcasting   | 4 |  4.8
Conjurations   | 5 |  5.4
Dodging        | |  2.4
Stealth        | |  2.4

Action                   |  1- 3 |  4- 6 || total
-------------------------+-------+-------++-------
 Cast: Magic Dart        |    39 |    11 ||    50
       Searing Ray       |     3 |     2 ||     5

Table legend: (Time is in decaauts)
 A = Elapsed time spent in this place.
 B = Non-inter-level travel time spent in this place.
 C = Inter-level travel time spent in this place.
 D = Time resting spent in this place.
 E = Time spent auto-exploring this place.
 F = Levels seen in this place.
 G = Mean time per level.
                   A        B        C        D        E       F      G
               +--------+--------+--------+--------+--------+-----+--------+
         Total |   1784 |   1776 |      8 |    627 |    942 |   2 |  892.0 |
       Dungeon |   1784 |   1776 |      8 |    627 |    942 |   2 |  892.0 |
               +--------+--------+--------+--------+--------+-----+--------+

Top non-repeatable levels by time:
     D:1: 1156 daAuts
     D:2: 628 daAuts
